Map: Cerulean Fall LE

Players

Astrea

  • Race: Protoss Protoss
  • League: Grandmaster
  • Spawn Location: 7:00

SpeCial - Winner!

  • Race: Terran Terran
  • Spawn Location: 1:00

Event: Cheeseadelphia 8

VOD

Have the link to the VOD?

Description

Time

  • Played on: Dec. 9, 2018, 2:11 p.m.
  • Length: 12:35

All games in this series

Show
View Real Time Build Order
Export as new Build Order

Astrea Protoss 

Build Orders: 1 Gate Expand, Double Forge, Blink Stalkers 

Get SALT Encoding   

  12  0:00  Probe  
  13  0:12  Probe  
  14  0:17  Pylon  
  14  0:24  Probe  
  15  0:32  Probe  
  15  0:38  Gateway  
  15  0:40  Probe  
  16  0:49  Assimilator  
  17  0:51  Probe  
  18  1:03  Probe  
  19  1:15  Probe  
  20  1:25  Cybernetics Core  
  20  1:35  Nexus  
  21  1:40  Probe  
  21  1:47  Pylon  
  21  1:52  Probe  
  21  1:53  Assimilator  
  22  1:56  Adept  
  22  2:05  Warp Gate  
  22  2:06  Probe  
  25  2:18  Stalker  
  25  2:19  Probe  
  28  2:31  Probe  
  29  2:43  Probe  
  30  2:45  Stalker, Probe  
  32  2:54  Probe  
  32  2:55  Probe  
  34  2:58  Twilight Council  
  34  3:02  Probe  
  34  3:07  Probe  
  36  3:14  Probe  
  36  3:15  Sentry  
  36  3:16  Blink  
  36  3:19  Probe  
  40  3:26  Probe  
  41  3:31  Probe  
  42  3:36  Pylon  
  42  3:38  Probe  
  43  3:42  Gateway  
  43  3:45  Probe, Pylon  
  44  3:52  Probe  
  45  3:57  Robotics Facility  
  45  4:00  Assimilator  
  45  4:04  Probe  
  45  4:09  Probe  
  47  4:16  Probe  
  48  4:21  Probe, Shield Battery  
  49  4:25  Pylon  
  49  4:26  Nexus  
  49  4:28  Probe  
  50  4:33  Probe  
  51  4:39  Observer  
  51  4:40  Probe  
  53  4:45  Probe  
  53  4:48  Forge  
  53  4:49  Forge  
  53  4:52  Sentry  
  56  4:53  Probe  
  56  4:57  Probe  
  58  5:02  Gateway  
  58  5:04  Observer  
  58  5:05  Gateway, Probe  
  59  5:11  Probe  
  61  5:14  Protoss Ground Weapons Level 1, Protoss Ground Armor Level 1  
  61  5:21  Stalker  
  60  5:23  Stalker  
  60  5:27  Immortal  
  66  5:37  Shield Battery  
  66  5:46  Charge  
  66  5:51  Probe x2  
  66  5:52  Probe  
  68  6:00  Observer  
  68  6:03  Probe  
  68  6:05  Probe x2  
  69  6:15  Probe  
  69  6:17  Probe x2  
  71  6:21  Stalker  
  71  6:22  Stalker x3  
  79  6:26  Observer  
  79  6:28  Probe x2  
  79  6:29  Probe  
  80  6:36  Probe  
  80  6:40  Probe  
  80  6:41  Probe  
  80  6:43  Gateway  
  80  6:44  Gateway  
  80  6:45  Probe  
  83  6:47  Gateway x2  
  83  6:52  Probe  
  83  6:54  Probe  
  84  6:57  Probe  
  83  7:04  Probe  
  83  7:06  Assimilator, Probe  
  83  7:08  Assimilator  
  85  7:09  Probe  
  85  7:10  Assimilator  
  85  7:14  Probe  
  84  7:17  Probe  
  85  7:24  Robotics Bay  
  85  7:27  Robotics Facility  
  85  7:28  Pylon  
  85  7:29  Pylon, Observer  
  85  7:39  Probe  
  85  7:42  Probe x2  
  85  7:47  Probe  
  86  7:57  Zealot x6  
  101  7:59  Pylon  
  101  8:01  Pylon  
  101  8:03  Colossus, Observer  
  98  8:09  Colossus  
  98  8:15  Pylon  
  98  8:16  Pylon  
  110  8:21  Extended Thermal Lance  
  110  8:28  Probe x2  
  111  8:40  Zealot x6  
  111  8:41  Templar Archives  
  123  8:47  Zealot x2  
  126  8:55  Pylon  
  126  8:56  Pylon  
  112  9:11  Forge  
  112  9:12  Forge  
  112  9:19  Zealot x6  
  112  9:20  Zealot x2  
  112  9:23  Protoss Ground Armor Level 2, Pylon  
  128  9:25  Pylon  
  128  9:29  Colossus  
  134  9:33  Probe x2  
  134  9:37  Protoss Ground Weapons Level 2  
  136  9:41  Probe  
  136  9:45  Probe x2  
  135  9:54  High Templar x2  
  135  9:55  High Templar x2  
  135  9:59  Archon  
  143  10:00  Archon  
  143  10:02  High Templar x4  
  143  10:06  Archon x2  
  149  10:15  Disruptor x2  
  147  10:37  High Templar x2, Zealot x2  
  147  10:38  Zealot x4  
  147  10:39  Pylon  
  163  10:42  Archon  
  163  10:46  Warp Prism  
  163  10:47  Pylon  
  163  10:48  Pylon  
  163  10:50  Disruptor  
  163  10:55  Observer  
  165  11:00  High Templar x2  
  172  11:06  Archon  
  171  11:12  Zealot x6  
  180  11:37  Colossus  
  171  11:44  Zealot x8  
  104  11:55  High Templar x2, Zealot x3  
  104  11:56  Zealot x3  
  104  12:00  Archon  
Show
View Real Time Build Order
Export as new Build Order

SpeCial Terran - Winner!

Build Orders: Reaper Expand, Banshee Rush 

Get SALT Encoding   

  12  0:00  SCV  
  13  0:13  SCV  
  14  0:17  Supply Depot  
  14  0:25  SCV  
  15  0:39  Barracks, SCV  
  16  0:44  Refinery  
  16  0:51  SCV  
  17  1:03  SCV  
  18  1:15  SCV  
  19  1:27  Orbital Command  
  19  1:29  Reaper  
  20  1:45  Command Center  
  20  1:54  SCV  
  20  1:56  Supply Depot  
  21  2:01  Marine  
  21  2:06  SCV  
  23  2:11  Factory  
  23  2:17  Refinery  
  23  2:19  SCV  
  24  2:23  Barracks Reactor  
  24  2:31  SCV  
  25  2:43  SCV  
  25  2:54  Widow Mine  
  25  2:55  SCV  
  28  3:00  Marine x2, Starport  
  28  3:01  Orbital Command  
  30  3:07  SCV  
  31  3:16  Factory Tech Lab  
  31  3:18  Marine x2  
  31  3:19  SCV  
  33  3:28  SCV  
  33  3:31  SCV  
  35  3:35  Marine x2  
  35  3:40  SCV  
  36  3:43  SCV  
  36  3:44  Cloaking Field  
  36  3:49  Banshee  
  36  3:52  SCV  
  36  3:53  Factory Tech Lab, Marine x2  
  42  3:56  SCV  
  42  4:04  SCV  
  42  4:09  SCV  
  40  4:13  Siege Tank  
  40  4:15  Marine x2  
  40  4:16  SCV  
  45  4:21  SCV  
  45  4:22  Supply Depot  
  46  4:43  Banshee  
  46  4:44  Supply Depot, SCV x2  
  53  4:46  Supply Depot  
  51  4:53  Command Center  
  51  4:54  Siege Tank  
  54  5:06  Marine x2, SCV x2  
  58  5:08  Supply Depot  
  58  5:18  SCV x2  
  60  5:23  Marine x2  
  62  5:29  Barracks x2  
  62  5:30  SCV x2  
  62  5:33  Banshee  
  67  5:39  Supply Depot  
  67  5:41  Marine x2  
  67  5:42  SCV x2  
  74  5:47  Engineering Bay  
  71  5:50  Refinery, Engineering Bay  
  71  5:52  Refinery  
  71  5:54  SCV x2  
  73  5:59  Marine  
  73  6:00  Marine  
  75  6:06  SCV x2  
  75  6:08  SCV  
  78  6:11  Supply Depot  
  78  6:18  SCV x2  
  78  6:19  Factory Reactor  
  78  6:22  Barracks  
  78  6:23  Orbital Command  
  78  6:24  Barracks  
  78  6:25  Starport Reactor  
  80  6:27  Missile Turret  
  80  6:30  Marine, SCV  
  80  6:31  Marine x3  
  80  6:32  Stimpack  
  85  6:33  Combat Shield  
  85  6:44  SCV  
  86  6:48  Marine x2  
  86  6:49  Marauder x2  
  86  6:50  Missile Turret  
  92  6:58  Terran Infantry Weapons Level 1  
  92  6:59  Terran Infantry Armor Level 1  
  89  7:03  Medivac x2  
  89  7:06  Supply Depot, Widow Mine x2  
  97  7:14  Orbital Command  
  97  7:15  Marine x2  
  99  7:17  Marauder x2  
  99  7:18  SCV x2  
  102  7:24  Barracks Tech Lab, Barracks Reactor  
  102  7:30  SCV x2  
  102  7:31  Widow Mine x2  
  102  7:33  Marine x2  
  102  7:36  Medivac x2, Missile Turret  
  114  7:42  SCV x2  
  114  7:43  SCV  
  116  7:48  Supply Depot  
  116  7:50  Supply Depot  
  116  7:51  Marine  
  117  8:03  Factory  
  117  8:05  Armory  
  117  8:07  Supply Depot  
  117  8:10  Marine, SCV x3, Marauder x2  
  117  8:12  Supply Depot  
  125  8:14  Marine x3  
  125  8:15  Concussive Shells  
  125  8:16  Marauder  
  125  8:19  Supply Depot  
  130  8:22  SCV x3, Starport  
  137  8:27  Marine  
  137  8:31  Marauder  
  137  8:33  Refinery  
  137  8:34  Refinery, SCV x3  
  140  8:41  Marine x2  
  141  8:46  SCV x2  
  141  8:47  Marauder, SCV  
  143  8:57  Viking  
  143  8:58  Viking  
  145  9:06  Marine x2  
  145  9:07  Marine x2, Marauder x2  
  145  9:08  Terran Infantry Weapons Level 2, Terran Infantry Armor Level 2, Marauder  
  148  9:12  SCV  
  148  9:24  Marine  
  148  9:25  Supply Depot, Marine x3  
  148  9:26  Supply Depot  
  148  9:27  Viking  
  148  9:28  Viking, Supply Depot, Command Center  
  148  9:29  Supply Depot, Marauder  
  158  9:35  Sensor Tower  
  158  9:36  Marine  
  158  9:37  Marauder  
  160  9:39  Viking  
  160  9:40  Viking  
  160  9:45  Ghost Academy  
  164  9:51  Terran Ship Weapons Level 1  
  164  9:55  Marine  
  164  9:56  Marine x2  
  164  9:58  Marauder  
  164  9:59  Marauder x2  
  171  10:01  Viking  
  171  10:03  Viking  
  174  10:16  Barracks  
  174  10:17  Barracks  
  174  10:19  Barracks  
  170  10:22  Viking x2  
  170  10:23  Ghost  
  176  10:31  Ghost  
  177  10:39  Ghost  
  179  10:48  SCV x2  
  181  10:50  Viking x2  
  185  10:58  Supply Depot  
  185  11:00  Planetary Fortress  
  185  11:06  Marine x3  
  185  11:07  Marine, Marauder x2, Barracks Tech Lab  
  185  11:08  Barracks Reactor  
  191  11:14  Refinery  
  191  11:15  Refinery  
  191  11:16  Command Center  
  191  11:19  Viking x2  
  195  11:26  Viking  
  195  11:30  Liberator  
  195  11:32  Liberator  
  195  11:35  Marine x3  
  195  11:36  Marauder, Barracks Tech Lab  
  194  11:43  Marine  
  194  11:44  Marine x2, Marauder  
  194  11:45  Marauder  
  194  11:46  Marauder  
  183  11:53  Marine x3  
  172  11:56  Marauder  
  172  11:57  Marauder  
  176  12:01  Marine  
  176  12:02  Marine x2  
  176  12:05  Marauder  
  176  12:06  Marauder  
  176  12:07  Marauder  
  183  12:11  Marine x3  
Tags
 
Add a new tag
Caveats
  • Supply blocks, unpowered buildings, or Contaminate may cause inaccurate times.
  • Supply counts are checked every 10 seconds.